Map: 锈化山巅-天梯版

Players

TIME (Oliveira) - Winner!

  • Race: Terran Terran

Cyan

  • Race: Protoss Protoss
  • League: Master

Event: DreamHack SC2 Masters 2021 Winter

VOD

Have the link to the VOD?

Description

Time

  • Played on: Oct. 6, 2021, 8:51 a.m.
  • Length: 8:57

All games in this series

Show
View Real Time Build Order
Export as new Build Order

TIME Terran - Winner!

Build Orders:  

Get SALT Encoding   

  12  0:00  SCV  
  13  0:12  SCV  
  14  0:17  Supply Depot  
  14  0:24  SCV  
  15  0:38  SCV  
  15  0:40  Barracks  
  16  0:44  Refinery  
  16  0:51  SCV  
  17  1:03  SCV  
  18  1:15  SCV  
  19  1:28  Marine, Orbital Command  
  20  1:40  Command Center  
  20  1:46  Barracks Reactor  
  20  1:51  Supply Depot  
  20  1:54  SCV  
  21  2:07  SCV  
  21  2:08  Factory  
  22  2:19  SCV  
  22  2:20  Refinery  
  23  2:23  Marine x2  
  25  2:31  SCV  
  26  2:41  Marine x2  
  26  2:43  SCV  
  29  2:51  Starport  
  29  2:52  Widow Mine  
  29  2:53  Orbital Command  
  29  2:57  SCV  
  32  3:00  Marine  
  33  3:07  Bunker  
  33  3:11  SCV  
  34  3:13  Widow Mine  
  34  3:17  Marine  
  34  3:18  SCV, Marine  
  39  3:25  SCV  
  40  3:29  Medivac  
  40  3:30  SCV  
  40  3:31  Supply Depot  
  43  3:37  Widow Mine, SCV  
  46  3:43  Supply Depot  
  46  3:53  SCV x2, Marine x2  
  46  3:54  Barracks  
  50  4:02  Factory Tech Lab, Starport Tech Lab  
  50  4:05  SCV  
  50  4:07  Barracks  
  50  4:09  SCV  
  52  4:12  Marine x2  
  52  4:17  Supply Depot  
  54  4:18  SCV  
  54  4:21  SCV  
  54  4:22  Cyclone  
  59  4:26  Viking  
  59  4:31  Engineering Bay  
  61  4:33  SCV  
  61  4:38  Supply Depot, SCV  
  63  4:40  Marine  
  63  4:42  Barracks Tech Lab  
  63  4:43  Marine  
  65  4:46  Refinery  
  65  4:47  SCV  
  65  4:50  SCV  
  67  4:59  Terran Infantry Weapons Level 1  
  67  5:00  Stimpack  
  67  5:01  Combat Shield  
  67  5:02  Marine  
  67  5:04  SCV x2  
  70  5:12  Marauder x2  
  72  5:15  Refinery  
  72  5:20  SCV  
  73  5:23  Starport Reactor  
  73  5:24  SCV  
  74  5:29  Supply Depot  
  74  5:32  Supply Depot  
  74  5:34  Marauder  
  74  5:35  Marauder  
  78  5:41  Supply Depot  
  78  5:50  SCV x2, Siege Tank, Marine x2  
  78  5:54  Supply Depot  
  85  5:59  Medivac x2  
  89  6:05  Marauder  
  89  6:06  Marauder  
  89  6:08  SCV  
  89  6:10  SCV  
  89  6:11  Marine  
  96  6:20  Command Center  
  96  6:21  Marine  
  96  6:25  Siege Tank  
  96  6:26  Marine  
  96  6:29  Marine  
  96  6:30  Marauder  
  100  6:35  Supply Depot  
  100  6:37  Medivac  
  100  6:38  Medivac  
  100  6:39  Marine  
  103  6:44  Marine  
  103  6:47  SCV, Marine  
  103  6:48  Concussive Shells  
  103  6:50  Barracks x2  
  103  6:53  Marauder, Terran Infantry Armor Level 1  
  106  7:01  Marine  
  106  7:02  Marauder  
  106  7:03  Siege Tank  
  106  7:05  Marine  
  111  7:14  Marauder  
  102  7:20  Marine  
  95  7:23  Marine  
  95  7:24  Marauder, Viking x2  
  102  7:32  SCV x2  
  102  7:34  Orbital Command  
  102  7:35  Marine  
  105  7:38  Marine  
  105  7:39  Barracks Reactor, Barracks Tech Lab  
  106  7:44  SCV  
  106  7:45  Marauder  
  106  7:46  Marine  
  106  7:50  Siege Tank  
  113  7:53  Marine  
  113  7:56  Viking  
  113  7:57  Marine  
  113  7:58  Marauder  
  113  8:05  Orbital Command  
  109  8:08  Marauder, Marine  
  109  8:10  Marine  
  110  8:19  Marine  
  101  8:20  Marauder, Marine  
  101  8:24  Marine  
  101  8:26  Marine  
  100  8:27  SCV  
  100  8:28  SCV  
  98  8:36  Marine  
  98  8:37  SCV, Marine  
  98  8:40  SCV x2  
Show
View Real Time Build Order
Export as new Build Order

Cyan Protoss 

Build Orders: 1 Gate Expand, Zealot Archon, Colossus Rush 

Get SALT Encoding   

  12  0:00  Probe  
  13  0:12  Probe  
  14  0:17  Pylon  
  14  0:24  Probe (Chrono Boost)  
  15  0:36  Probe (Chrono Boost)  
  15  0:37  Gateway  
  16  0:44  Probe (Chrono Boost)  
  16  0:48  Assimilator  
  17  0:51  Probe  
  18  1:03  Probe  
  19  1:15  Probe  
  20  1:23  Nexus  
  20  1:32  Cybernetics Core  
  20  1:35  Probe  
  21  1:40  Assimilator  
  21  1:47  Probe  
  21  1:50  Pylon  
  22  1:59  Probe (Chrono Boost)  
  23  2:05  Adept (Chrono Boost)  
  25  2:08  Warp Gate  
  25  2:11  Probe (Chrono Boost)  
  26  2:16  Robotics Facility  
  26  2:20  Probe (Chrono Boost)  
  27  2:26  Probe  
  28  2:31  Sentry (Chrono Boost)  
  28  2:34  Probe  
  31  2:38  Probe  
  32  2:44  Shield Battery  
  32  2:46  Probe  
  32  2:50  Probe  
  34  2:52  Stalker  
  36  2:59  Probe  
  36  3:02  Probe  
  38  3:06  Pylon  
  38  3:10  Robotics Bay  
  38  3:11  Probe  
  39  3:15  Probe  
  40  3:21  Warp Prism (Chrono Boost)  
  40  3:23  Probe  
  43  3:27  Probe  
  44  3:35  Gateway, Probe  
  44  3:39  Assimilator  
  45  3:42  Probe  
  45  3:43  Pylon  
  45  3:47  Probe  
  47  3:50  Assimilator  
  47  3:54  Probe  
  48  3:57  Colossus (Chrono Boost)  
  48  3:59  Probe  
  55  4:05  Gravitic Drive  
  55  4:07  Probe  
  56  4:12  Probe, Pylon  
  56  4:15  Stalker  
  59  4:19  Probe  
  60  4:27  Probe  
  60  4:29  Pylon  
  62  4:31  Stalker, Probe  
  62  4:35  Observer  
  65  4:39  Probe  
  66  4:46  Nexus  
  66  4:51  Stalker  
  68  4:56  Pylon  
  68  4:58  Observer  
  67  5:12  Probe  
  68  5:14  Twilight Council, Pylon  
  68  5:16  Colossus (Chrono Boost)  
  68  5:18  Extended Thermal Lance  
  68  5:20  Probe  
  75  5:25  Observer  
  75  5:26  Probe  
  76  5:31  Gateway  
  76  5:33  Gateway  
  76  5:37  Gateway  
  76  5:40  Sentry  
  78  5:45  Gateway, Probe  
  78  5:49  Charge (Chrono Boost)  
  79  5:53  Probe  
  80  5:57  Probe  
  80  5:58  Colossus (Chrono Boost)  
  80  6:00  Probe  
  88  6:05  Probe  
  88  6:06  Gateway  
  89  6:11  Gateway  
  89  6:14  Pylon  
  86  6:28  Zealot x2  
  86  6:30  Probe (Chrono Boost)  
  91  6:33  Probe (Chrono Boost)  
  91  6:35  Pylon  
  91  6:37  Probe (Chrono Boost)  
  91  6:39  Sentry  
  95  6:45  Probe (Chrono Boost)  
  95  6:46  Observer (Chrono Boost)  
  95  6:47  Zealot x2  
  100  6:48  Probe x2 (Chrono Boost)  
  102  6:56  Zealot  
  102  6:57  Probe  
  102  6:58  Probe  
  96  7:02  Templar Archives  
  96  7:04  Warp Prism (Chrono Boost)  
  98  7:12  Zealot x4  
  97  7:16  Zealot x2  
  97  7:19  Zealot  
  95  7:24  Sentry  
  95  7:26  Probe x3  
  100  7:35  Zealot x4  
  108  7:41  Pylon  
  108  7:43  Pylon  
  108  7:52  High Templar x4  
  108  7:53  Probe  
  108  7:56  Archon  
  117  8:02  Archon  
  117  8:05  Zealot x4  
  96  8:26  Zealot x3  
  96  8:27  Zealot x3  
  73  8:46  Gateway  
  73  8:47  Zealot x2  
  73  8:48  Zealot  
  79  8:49  Gateway  
  79  8:52  Gateway  

Tags
 
Add a new tag
Caveats
  • Supply blocks, unpowered buildings, or Contaminate may cause inaccurate times.
  • Supply counts are checked every 10 seconds.